 Dungeon Crawl Stone Soup version 0.31-a0-692-gf03d1854d5 (webtiles) character file.

Game seed: 3831877692600581858

627 qw the Shooter (level 7, -9/43 HPs)
             Began as a Gargoyle Hunter on Sept 6, 2023.
             Blown up by Pikel (14 damage)
             ... with a mindburst bolt
             ... on level 5 of the Dungeon.
             The game lasted 00:01:30 (3685 turns).

qw the Shooter (Gargoyle Hunter)                    Turns: 3685, Time: 00:01:30

Health: -9/43      AC: 11    Str: 15    XL:     7   Next: 48%
Magic:  7/7        EV: 16    Int:  9    God:
Gold:   233        SH:  0    Dex: 15    Spells: 6/6 levels left

rFire   . . .        Y - +4 sling (heavy)
rCold   . . .        (no shield)
rNeg    + . .        d - +0 ring mail
rPois   inf          e - +0 helmet
rElec   +            (no cloak)
rCorr   .            (no gloves)
SInv    .            (no boots)
Will    .....        (no amulet)
Stlth   +            h - +5 ring of evasion
HPRegen 0.27/turn    (no ring)
MPRegen 0.10/turn

%: no passive effects
@: no status effects
A: sickness immunity, AC +4, negative energy resistance 1, electricity
resistance, torment resistance 1, petrification resistance
a: no special abilities


You were on level 5 of the Dungeon.
You visited 1 branch of the dungeon, and saw 5 of its levels.
You also visited: Sewer.

You collected 305 gold pieces.
You spent 72 gold pieces at shops.


Innate Abilities, Weirdness & Mutations

You are immune to sickness and miasma.
Your stone body is resilient. (AC +4)
You are immune to poison.
You resist negative energy. (rN+)
You are resistant to electric shocks. (rElec)
You are resistant to unholy torment.
You are immune to petrification.


   Skills:
 - Level 4.1 Fighting
 + Level 7.8 Ranged Weapons
 - Level 1.4 Armour
 - Level 2.3 Dodging
 - Level 1.1 Stealth


You had 6 spell levels left.
You didn't know any spells.
Your spell library was empty.

Inventory:

Hand Weapons
 Y - a +4 heavy sling (weapon)
Armour
 d - a +0 ring mail (worn)
 e - a +0 helmet (worn)
Jewellery
 h - a +5 ring of evasion (left hand)
Scrolls
 f - a scroll of identify
Potions
 a - a potion of haste {unknown}
 b - a potion of heal wounds {unknown}
 g - a potion of cancellation
 i - a potion of curing
 k - a potion of enlightenment {unknown}

Dungeon Overview and Level Annotations

Branches:
Dungeon (5/15)              Sewer (visited)
 Temple: D:4-7

Altars:
Nemelex Xobeh
Sif Muna
Vehumet

Shops:
D:2 (

Annotations:
D:5 Pikel


Message History

3676 |||
Found retreat position at 0,1 (floor) with 0 blocking monsters and 1 monsters attacking at destination at distance 1
3676 ||| Stepping ~*~*~tactically~*~*~ (retreating).
You shoot a sling bullet. The sling bullet hits the lemure!
The lemure is heavily wounded.
The lemure misses you. The lemure hits you but does no damage.
You shoot a sling bullet. The sling bullet hits the lemure!
The lemure is almost dead.
The lemure misses you.
Pikel says, "You'll make a fine lemure."
The lemure barely misses you.
You shoot a sling bullet. The sling bullet hits the lemure.
You kill the lemure!
That felt strangely unrewarding.
A lemure comes into view.
The lemure hits you.
You shoot a sling bullet.
The sling bullet hits the lemure but does no damage.
The lemure is heavily wounded.
A worm comes into view.
You shoot a sling bullet. The sling bullet hits Pikel!
Pikel is moderately wounded.
Pikel hits you with a +1 whip of freezing.
Pikel freezes you. Pikel barely misses you.
You shoot a sling bullet.
The sling bullet hits Pikel but does no damage.
Pikel is moderately wounded.
Pikel zaps a wand.
Your mind is blasted!
You shoot a sling bullet. The sling bullet hits Pikel.
Pikel is moderately wounded.
Pikel hits you with a +1 whip of freezing.
Pikel freezes you. Pikel closely misses you.
You shoot a sling bullet.
The sling bullet hits Pikel but does no damage.
Pikel is moderately wounded.
Pikel hits you but does no damage.
You shoot a sling bullet. The sling bullet hits Pikel.
Pikel is moderately wounded.
Pikel barely misses you.
Pikel zaps a wand.
Your mind is blasted!
You die...
Pikel says, "Another soul for the market."

#.......#.# #....!.#.#
..#.##...#.# ##
...........#(.#
..#.......##..# #####
###.#..#w....# .....
.....#....5#..#
.#####.........#K# .#
...............#@# #
..##..........)#.####.#
......................#
.......###.#+##.######
.......###.........#
#................#.#
#..................#
#.........#.......##
#.........#.......#


You could see Pikel, a lemure and a worm.

Vanquished Creatures
  A lemure (D:5)
  2 bullfrogs (Sewer)
  A jelly (D:4)
  3 hounds (D:4)
  2 iguanas (D:4)
  A sleepcap (D:4)
  Natasha (twice) (D:3)
  Robin (D:2)
  3 gnolls (D:4)
  8 adders
  A river rat (D:4)
  A shadow imp (D:3)
  A worm (D:2)
  A dart slug (D:4)
  2 orcs
  3 bats
  16 endoplasms
  11 giant cockroaches
  12 goblins
  7 hobgoblins
  3 jackals (D:4)
  7 kobolds
  6 quokkas
  12 ball pythons
  15 frilled lizards
  2 rats (D:3)
124 creatures vanquished.

Notes
Turn   | Place    | Note
-------+----------+-------------------------------------------
     0 | D:1      | qw the Gargoyle Hunter began the quest for the Orb.
     0 | D:1      | Reached XP level 1. HP: 12/12 MP: 1/1
     0 | D:1      | 0 ||| qw: Version: 0.3-a-76-g4403597
     0 | D:1      | 0 ||| qw: Game counter: 255
     0 | D:1      | 0 ||| qw: Melee chars always use a shield: true
     0 | D:1      | 0 ||| qw: God list: Okawaru
     0 | D:1      | 0 ||| qw: Allow faded altars: false
     0 | D:1      | 0 ||| qw: Do Orc after clearing Dungeon:15 true
     0 | D:1      | 0 ||| qw: Do second Lair branch before Depths: true
     0 | D:1      | 0 ||| qw: Lair rune preference: random
     0 | D:1      | 0 ||| qw: Goals: Normal
     0 | D:1      | 0 ||| PLANNING D:1-11
   553 | D:1      | 553 ||| UPGRADING to +5 ring of evasion.
   554 | D:1      | 554 ||| READING scroll labelled HUED YTHRASERCHIN.
   555 | D:1      | 555 ||| READING scroll labelled POMOLI WI FUG.
   556 | D:1      | 556 ||| READING scroll labelled SIAXKOAGEI.
   557 | D:1      | 557 ||| DROPPING scroll of butterflies.
   679 | D:2      | Reached XP level 2. HP: 17/17 MP: 2/2
   918 | D:2      | Found Gohack's Antique Weapon Shop.
   925 | D:2      | 925 ||| BUYING glowing sling (72 gold).
   925 | D:2      | Bought a glowing sling for 72 gold pieces
   925 | D:2      | 925 ||| SWAPPING to +3 sling of draining.
   941 | D:2      | Identified the +9 whip of Etykhleodoa {freeze, rC+++ Str-2
                  | Int+8 Dex-2}
   994 | D:2      | Noticed Robin
   995 | D:2      | 995 ||| RETREATING.
   999 | D:2      | Reached XP level 3. HP: 21/21 MP: 3/3
  1002 | D:2      | Killed Robin
  1003 | D:2      | Reached skill level 5 in Ranged Weapons
  1556 | D:2      | 1556 ||| UPGRADING to +0 helmet.
  1561 | D:2      | 1561 ||| READING scroll labelled DOMAET KACOK.
  1562 | D:2      | 1562 ||| DRINKING 2 ruby potions.
  1568 | D:2      | 1568 ||| DROPPING potion of ambrosia.
  1631 | D:3      | Reached skill level 3 in Fighting
  1631 | D:3      | Reached XP level 4. HP: 28/28 MP: 4/4
  1652 | D:3      | Found a shimmering blue altar of Sif Muna.
  1783 | D:3      | Noticed Natasha
  1784 | D:3      | 1784 ||| Stepping ~*~*~tactically~*~*~ (outnumbered).
  1785 | D:3      | 1785 ||| Stepping ~*~*~tactically~*~*~ (outnumbered).
  1786 | D:3      | 1786 ||| Stepping ~*~*~tactically~*~*~ (outnumbered).
  1787 | D:3      | 1787 ||| Stepping ~*~*~tactically~*~*~ (outnumbered).
  1789 | D:3      | 1789 ||| Stepping ~*~*~tactically~*~*~ (outnumbered).
  1799 | D:3      | Killed Natasha
  1800 | D:3      | Reached XP level 5. HP: 29/32 MP: 5/5
  2078 | D:3      | Noticed Natasha
  2082 | D:3      | 2082 ||| RETREATING.
  2090 | D:3      | Killed Natasha
  2091 | D:3      | Reached skill level 6 in Ranged Weapons
  2246 | D:3      | 2246 ||| READING scroll labelled QEFIUC TEPTI.
  2247 | D:3      | 2247 ||| READING scroll labelled TOATER PAGEOGET.
  2248 | D:3      | 2248 ||| DROPPING +0 shortbow.
  2249 | D:3      | 2249 ||| READING scroll labelled ENAYFUHOQI.
  2250 | D:3      | 2250 ||| READING 2 scrolls of identify.
  2250 | D:3      | 2250 ||| IDENTIFYING grey potion
  2282 | D:4      | 2282 ||| PLANNING SEWER
  2286 | D:4      | Found a radiant altar of Vehumet.
  2391 | D:4      | Reached skill level 1 in Armour
  2412 | D:4      | Reached XP level 6. HP: 38/38 MP: 6/6
  2532 | D:4      | Found a glowing drain.
  2533 | D:4      | 2533 ||| READING scroll labelled MOYW TOENAAWK.
  2547 | Sewer    | Entered a sewer
  2582 | Sewer    | 2582 ||| Stepping ~*~*~tactically~*~*~ (water).
  2591 | Sewer    | 2591 ||| Stepping ~*~*~tactically~*~*~ (water).
  2593 | Sewer    | 2593 ||| Stepping ~*~*~tactically~*~*~ (water).
  2598 | Sewer    | 2598 ||| Stepping ~*~*~tactically~*~*~ (water).
  2623 | Sewer    | 2623 ||| Stepping ~*~*~tactically~*~*~ (water).
  2651 | Sewer    | 2651 ||| Stepping ~*~*~tactically~*~*~ (water).
  2666 | Sewer    | 2666 ||| Stepping ~*~*~tactically~*~*~ (water).
  2719 | Sewer    | 2719 ||| Stepping ~*~*~tactically~*~*~ (water).
  2721 | Sewer    | 2721 ||| Stepping ~*~*~tactically~*~*~ (water).
  2728 | Sewer    | 2728 ||| Stepping ~*~*~tactically~*~*~ (water).
  2745 | Sewer    | 2745 ||| Stepping ~*~*~tactically~*~*~ (water).
  2755 | Sewer    | 2755 ||| Stepping ~*~*~tactically~*~*~ (water).
  2762 | Sewer    | 2762 ||| Stepping ~*~*~tactically~*~*~ (water).
  2780 | Sewer    | 2780 ||| Stepping ~*~*~tactically~*~*~ (water).
  2788 | Sewer    | 2788 ||| Stepping ~*~*~tactically~*~*~ (water).
  2799 | Sewer    | Reached skill level 7 in Ranged Weapons
  2806 | Sewer    | Reached XP level 7. HP: 31/43 MP: 7/7
  2870 | D:4      | 2870 ||| PLANNING D:1-11
  3248 | D:4      | 3248 ||| READING scroll of brand weapon.
  3248 | D:4      | 3248 ||| BRANDING +4 sling of freezing.
  3428 | D:4      | Found a sparkling altar of Nemelex Xobeh.
  3571 | D:4      | 3571 ||| UPGRADING to +0 ring mail.
  3581 | D:4      | 3581 ||| DROPPING +0 leather armour.
  3582 | D:4      | 3582 ||| DRINKING 2 amethyst potions.
  3620 | D:5      | Entered Level 5 of the Dungeon
  3669 | D:5      | Noticed Pikel
  3669 | D:5      | 3669 ||| RETREATING.
  3671 | D:5      | 3671 ||| Stepping ~*~*~tactically~*~*~ (retreating).
  3672 | D:5      | 3672 ||| Stepping ~*~*~tactically~*~*~ (retreating).
  3673 | D:5      | 3673 ||| Stepping ~*~*~tactically~*~*~ (retreating).
  3674 | D:5      | 3674 ||| Stepping ~*~*~tactically~*~*~ (retreating).
  3675 | D:5      | 3675 ||| Stepping ~*~*~tactically~*~*~ (retreating).
  3676 | D:5      | 3676 ||| Stepping ~*~*~tactically~*~*~ (retreating).
  3682 | D:5      | HP: 7/43 [disintegration (20)]
  3685 | D:5      | Blown up by Pikel

Levels and vault maps discovered:
D:1:      heliophobic_arrival_dark_side_of_the_moon, layout_basic
D:2:      layout_loops_corners, serial_shops, nicolae_shop_trees,
          grunt_ministairs_10, kennysheep_generic_room_11, uniq_robin
D:3:      layout_basic, mainiacjoe_overflow_boulevard, uniq_natasha
D:4:      minmay_razor_zed, layout_cave_pods, mainiacjoe_overflow_paths,
          kennysheep_mini_moat, portal_sewer_entry_a, minmay_gold_behind_fungi
D:5:      layout_basic, nicolae_ashenzari_skybound, gammafunk_temple_of_torment,
          uniq_pikel

Skill      XL: |  1  2  3  4  5  6 |
---------------+-------------------+-----
Ranged Weapons | 5 6 7 |  7.8
Fighting       | 3 4 |  4.1
Armour         | 1 |  1.4
Dodging        | 2 |  2.3
Stealth        | |  1.1

Action                     |  1- 3 |  4- 6 |  7- 9 || total
---------------------------+-------+-------+-------++-------
   Fire: Shortbow          |    24 |       |       ||    24
         Sling             |    41 |   192 |    56 ||   289
    Use: Scroll            |     4 |     5 |     1 ||    10
         Potion            |     1 |       |     1 ||     2
 Armour: Leather armour    |     5 |    43 |     5 ||    53
         Ring mail         |       |       |     5 ||     5
  Dodge: Dodged            |     7 |    68 |    33 ||   108

Table legend:
 A = Non-vault XP
 B = Vault XP
 C = Vault XP percentage of total XP
 D = Non-vault monster count
 E = Vault monster count
 F = Vault count percentage of total count
                 A         B        C        D         E       F
            +---------+---------+-------+---------+---------+-------
      Total |     292 |     605 |  67.4 |      55 |      68 |  55.3
            +---------+---------+-------+---------+---------+-------
        D:1 |       6 |       0 |   0.0 |       3 |       0 |   0.0
        D:2 |      27 |      35 |  56.5 |      15 |      11 |  42.3
        D:3 |     111 |      36 |  24.5 |      20 |       1 |   4.8
        D:4 |     145 |     268 |  64.9 |      16 |      15 |  48.4
        D:5 |       3 |       0 |   0.0 |       1 |       0 |   0.0
      Sewer |       0 |     266 | 100.0 |       0 |      41 | 100.0
            +---------+---------+-------+---------+---------+-------
